 Dungeon Crawl Stone Soup version 0.29.0-4-gdea44cf6ec (webtiles) character file.

Game seed: 8946783098337150305

73 qw the Chopper (level 4, -4/28 HPs)
             Began as a Gargoyle Berserker on Sept 4, 2022.
             Was a Believer of Trog.
             Slain by Natasha (8 damage)
             ... on level 2 of the Dungeon.
             The game lasted 00:00:41 (1716 turns).

qw the Chopper (Gargoyle Berserker)                 Turns: 1716, Time: 00:00:42

Health: -4/28      AC:  5    Str: 23    XL:     4   Next: 27%
Magic:  4/4        EV: 11    Int:  7    God:    Trog [**....]
Gold:   9          SH:  0    Dex:  9    Spells: 3/3 levels left

rFire   . . .      SeeInvis .   a - +0 hand axe
rCold   . . .      Faith    .   (no shield)
rNeg    + . .      Spirit   .   b - +0 animal skin
rPois   inf        Reflect  .   (no helmet)
rElec   +          Harm     .   (no cloak)
rCorr   .          Rampage  .   (no gloves)
Will    .....                   (no boots)
Stlth   +.........              (no amulet)
HPRegen 0.09/turn               (no ring)
MPRegen 0.09/turn               (no ring)

@: on berserk cooldown, slowed, very slow
A: sickness immunity, AC +3, negative energy resistance 1, electricity
resistance, torment resistance 1, petrification resistance
a: Renounce Religion, Berserk, Trog's Hand


You were on level 2 of the Dungeon.
You worshipped Trog.
Trog was pleased with you.
You visited 1 branch of the dungeon, and saw 2 of its levels.

You collected 100 gold pieces.
You spent 91 gold pieces at shops.


Innate Abilities, Weirdness & Mutations

You are immune to sickness and miasma.
Your stone body is resilient. (AC +3)
You are immune to poison.
You resist negative energy. (rN+)
You are resistant to electric shocks. (rElec)
You are resistant to unholy torment.
You are immune to petrification.


   Skills:
 - Level 3.2 Fighting
 + Level 4.5 Axes
 - Level 2.1 Armour
 - Level 1.5 Dodging


You had 3 spell levels left.
You didn't know any spells.
Your spell library was empty.

Inventory:

Hand Weapons
 a - a +0 hand axe (weapon)
 h - a +0 whip
Armour
 b - a +0 animal skin (worn)
 f - a +0 leather armour
 i - a +0 pair of gloves
 j - a +0 helmet
 l - a +0 plate armour
 o - a scarf of invisibility
Jewellery
 p - a +6 ring of intelligence
Scrolls
 d - a scroll of teleportation {unknown}
 e - a scroll of noise {unknown}
 g - 2 scrolls of amnesia {unknown}
 k - a scroll of fear {unknown}
 m - a scroll of identify {unknown}
Potions
 c - 2 potions of curing {unknown}
 n - a potion of mutation {unknown}

Dungeon Overview and Level Annotations

Branches:
Dungeon (2/15)

Altars:

Shops:
D:1 [   D:2 [

Annotations:
D:2 Natasha


Message History

You miss the crimson imp.
The crimson imp is moderately wounded.
You barely miss Natasha.
Natasha extends her claws.
Natasha claws you.
The crimson imp blinks!
The crimson imp hits you.
You closely miss the crimson imp.
The crimson imp is moderately wounded.
You slash Natasha! Natasha misses you.
The crimson imp blinks!
You barely miss Natasha.
Natasha is almost dead.
Natasha barely misses you.
You slash Natasha!
You kill Natasha!
Trog accepts your kill.
Trog appreciates your killing of a magic user.
Natasha yowls pathetically as she dies!
The crimson imp disappears in a puff of smoke!
You have reached level 4!
You feel stronger.
You start resting.
You feel a strong urge to attack something.
You are no longer berserk.
You are exhausted.
You feel as though you will be slow longer.
Natasha, Servant of Life and Death comes into view.
She is carrying a wand of flame (14).
Natasha stares at you and mumbles some strange words.
You feel as though you will be slow longer.
Natasha zaps a wand.
The puff of flame hits you!
Natasha zaps a wand.
The puff of flame hits you!
You hit Natasha but do no damage.
Natasha mumbles some strange words.
Natasha shimmers violently.
Natasha closely misses you.
You hit Natasha.
Natasha is moderately wounded.
Natasha closely misses you. Natasha claws you.
You hit Natasha.
Natasha is severely wounded.
Natasha barely misses you. Natasha claws you!
You die...

##### ####... #......
#...... ###### #.....#
#....# #.....####....#
#.............#
###########....h@...#
....>...............#
....................%......
......#####.......###......
......#####.......# ......
...).....#...###### .....
....####...### ##### ....#
##..# [..(# ##)###


You could see Natasha.

Vanquished Creatures
  Natasha (D:2)
  A dart slug (D:1)
  5 ball pythons
  5 bats
  3 endoplasms
  5 giant cockroaches
  3 goblins (D:1)
  4 hobgoblins
  3 jackals (D:1)
  2 quokkas (D:1)
  3 frilled lizards (D:1)
  4 kobolds
  A rat (D:2)
40 creatures vanquished.

Notes
Turn   | Place    | Note
-------+----------+-------------------------------------------
     0 | D:1      | qw the Gargoyle Berserker began the quest for the Orb.
     0 | D:1      | Reached XP level 1. HP: 14/14 MP: 1/1
     0 | D:1      | 0 ||| qw: Version: 0.1-a-103-gd6f5d3a
     0 | D:1      | 0 ||| qw: Game counter: 5407
     0 | D:1      | 0 ||| qw: Always use a shield: true
     0 | D:1      | 0 ||| qw: Do Orc after D:15 true
     0 | D:1      | 0 ||| qw: Do second Lair branch before Depths: true
     0 | D:1      | 0 ||| qw: Lair rune preference: random
     0 | D:1      | 0 ||| qw: Plans: Normal
     0 | D:1      | 0 ||| PLANNING D:1-11
    48 | D:1      | 48 ||| Stepping ~*~*~tactically~*~*~ (stealth).
   171 | D:1      | Reached skill level 3 in Axes
   189 | D:1      | Reached XP level 2. HP: 19/19 MP: 2/2
   574 | D:1      | 574 ||| Stepping ~*~*~tactically~*~*~ (stealth).
   595 | D:1      | 595 ||| INVOKING Berserk.
   797 | D:1      | Reached XP level 3. HP: 23/23 MP: 3/3
   800 | D:1      | 800 ||| INVOKING Berserk.
   999 | D:1      | Found a faded altar of an unknown god.
  1297 | D:1      | Found Nitosasiw's Antique Armour Boutique.
  1301 | D:1      | 1301 ||| DROPPING +0 club.
  1308 | D:1      | 1308 ||| SHOPLISTING buzzing ring mail (207 gold, have 90).
  1308 | D:1      | 1308 ||| SHOPLISTING helmet (103 gold, have 90).
  1308 | D:1      | 1308 ||| BUYING leather armour (46 gold).
  1308 | D:1      | Bought a leather armour for 46 gold pieces
  1308 | D:1      | 1308 ||| SHOPLISTING pair of glowing boots (172 gold, have
                  | 44).
  1308 | D:1      | 1308 ||| SHOPLISTING pair of glowing gloves (172 gold, have
                  | 44).
  1308 | D:1      | 1308 ||| SHOPLISTING plate armour (529 gold, have 44).
  1308 | D:1      | 1308 ||| SHOPLISTING runed helmet (172 gold, have 44).
  1308 | D:1      | 1308 ||| SHOPLISTING shiny ring mail (161 gold, have 44).
  1308 | D:1      | 1308 ||| SHOPLISTING shiny scale mail (161 gold, have 44).
  1334 | D:1      | You fall into a shaft and drop 1 floor!
  1347 | D:2      | Found Riapp's Armour Shoppe.
  1354 | D:2      | Reached ** piety under Trog
  1355 | D:2      | Reached skill level 4 in Axes
  1424 | D:2      | 1424 ||| BUYING +0 pair of gloves (45 gold).
  1424 | D:2      | Bought a +0 pair of gloves for 45 gold pieces
  1424 | D:2      | 1424 ||| SHOPLISTING +0 ring mail (40 gold, have 9).
  1424 | D:2      | 1424 ||| SHOPLISTING +0 scale mail (40 gold, have 9).
  1424 | D:2      | 1424 ||| SHOPLISTING +1 leather armour of Seysulovo {+Blink
                  | rC- Int+4 Stlth+} (252 gold, have 9).
  1681 | D:2      | Noticed Natasha
  1682 | D:2      | 1682 ||| Stepping ~*~*~tactically~*~*~ (hiding).
  1686 | D:2      | 1686 ||| INVOKING Berserk.
  1696 | D:2      | Killed Natasha
  1697 | D:2      | Reached XP level 4. HP: 28/28 MP: 4/4
  1710 | D:2      | Noticed Natasha
  1713 | D:2      | HP: 5/28 [Natasha/puff of flame (7)]
  1716 | D:2      | Slain by Natasha

Levels and vault maps discovered:
D:1:      wheals_arrival_shading, layout_basic,
          hellmonk_ecumenical_altar_prayer_group, serial_shops, shop,
          dk_noncrumbling_3
D:2:      layout_basic, serial_shops, shop, uniq_natasha

Skill      XL: |  1  2  3 |
---------------+----------+-----
Axes           | 3 4 |  4.5
Fighting       | |  3.2
Armour         | |  2.1
Dodging        | |  1.5

Action                   |  1- 3 |  4- 6 || total
-------------------------+-------+-------++-------
Melee: Hand axe          |   159 |     3 ||   162
       Punch             |     1 |       ||     1
Invok: Berserk           |     3 |       ||     3
Armor: Animal skin       |    59 |       ||    59
Dodge: Dodged            |    86 |     3 ||    89

Table legend:
 A = Non-vault XP
 B = Vault XP
 C = Vault XP percentage of total XP
 D = Non-vault monster count
 E = Vault monster count
 F = Vault count percentage of total count
                 A         B        C        D         E       F
            +---------+---------+-------+---------+---------+-------
      Total |      64 |      41 |  39.0 |      36 |       4 |  10.0
            +---------+---------+-------+---------+---------+-------
        D:1 |      45 |       6 |  11.8 |      25 |       3 |  10.7
        D:2 |      19 |      35 |  64.8 |      11 |       1 |   8.3
            +---------+---------+-------+---------+---------+-------
